 Dungeon Crawl Stone Soup version 0.26-a0-854-gdc81c2f471 (webtiles) character file.

Game seed: 7558436605406357388

10021 robertstho the Frost Mage (level 11, -2/124 HPs)
             Began as a Gnoll Ice Elementalist on Nov 23, 2020.
             Was a Believer of Sif Muna.
             Killed by drain life
             ... invoked by a soul eater
              (13 damage)
             ... in a Gauntlet.
             The game lasted 00:21:53 (12610 turns).

robertstho the Frost Mage (Gnoll Ice Elementalist) Turns: 12610, Time: 00:21:54

Health: -2/124     AC: 11    Str: 11    XL:     11   Next: 55%
Magic:  13/23      EV: 17    Int: 26    God:    Sif Muna [**....]
Gold:   416        SH:  0    Dex: 20    Spells: 7/26 levels left

rFire    . . .     SeeInvis +   o - +0 glaive (protect)
rCold    . . .     Faith    .   (shield currently unavailable)
rNeg     . . .     Spirit   .   v - +1 robe "Derame" {*Slow MR+++ Dex+4} (curse)
rPois    .         Reflect  .   w - +0 helmet
rElec    .         Harm     .   n - scarf {+Inv}
rCorr    .         Rampage  .   (no gloves)
MR       +++..     NoTele   +   (no boots)
Stlth    ..........             (no amulet)
HPRegen  0.30/turn              t - +6 ring of intelligence
MPRegen  0.18/turn              B - ring of see invisible

@: berserking, protection aura, drained, very quick
A: distributed training, fangs 1, strong nose
a: Channel Magic, Renounce Religion, Evoke Invisibility


You were in a Gauntlet.
You worshipped Sif Muna.
Sif Muna was pleased with you.
You visited 2 branches of the dungeon, and saw 12 of its levels.
You also visited: Gauntlet.

You collected 560 gold pieces.
You spent 144 gold pieces at shops.

Inventory:

Hand Weapons
 o - a +0 glaive of protection (weapon)
 q - a +2 dagger of venom
Missiles
 e - 8 curare-tipped darts
 u - 4 throwing nets (quivered)
 E - 11 poisoned darts
Armour
 a - a +1 robe
 n - a scarf of invisibility (worn)
 v - the cursed +1 robe "Derame" (worn) {*Slow MR+++ Dex+4}
   (You found it on level 5 of the Dungeon)

   It affects your dexterity (+4).
   It affects your resistance to hostile enchantments.
   It may slow you when you take damage.
   It has a curse placed upon it.
 w - a +0 helmet (worn)
Jewellery
 r - a +6 ring of intelligence
 t - a +6 ring of intelligence (left hand)
 B - a ring of see invisible (right hand)
Wands
 h - a wand of digging (5)
 m - a wand of iceblast (21)
 x - a wand of polymorph (8)
 A - a wand of paralysis (9)
 H - a wand of disintegration (12)
Scrolls
 f - 2 scrolls of remove curse
 l - 3 scrolls of fog
 s - a scroll of enchant armour
 y - 3 scrolls of immolation
 z - 2 scrolls of fear
 C - 3 scrolls of teleportation
 D - 2 scrolls of blinking
 G - a scroll of magic mapping
 J - a scroll of enchant weapon
Potions
 b - a potion of might
 g - 2 potions of lignification
 i - a potion of heal wounds
 j - 2 potions of haste
 k - 5 potions of curing
 p - a potion of magic
 F - a potion of ambrosia


   Skills:
 + Level 6.4(5.2) Fighting
 + Level 6.4(5.2) Short Blades
 + Level 6.4(5.2) Long Blades
 + Level 6.4(5.2) Axes
 + Level 6.4(5.2) Maces & Flails
 + Level 6.4(5.2) Polearms
 + Level 6.4(5.2) Staves
 + Level 6.4(5.2) Slings
 + Level 6.4(5.2) Bows
 + Level 6.4(5.2) Crossbows
 + Level 6.4(5.2) Throwing
 + Level 6.4(5.2) Armour
 + Level 8.0(6.7) Dodging
 + Level 7.7(6.5) Stealth
 + Level 6.4(5.2) Shields
 + Level 6.4(5.2) Unarmed Combat
 + Level 8.2(7.0) Spellcasting
 + Level 5.3(4.2) Conjurations
 + Level 5.3(4.2) Hexes
 + Level 5.3(4.2) Summonings
 + Level 5.3(4.2) Necromancy
 + Level 5.3(4.2) Translocations
 + Level 5.3(4.2) Transmutations
 + Level 5.3(4.2) Fire Magic
 + Level 9.0(7.7) Ice Magic
 + Level 5.3(4.2) Air Magic
 + Level 5.3(4.2) Earth Magic
 + Level 5.3(4.2) Poison Magic
 + Level 7.0(5.8) Invocations
 + Level 6.4(5.2) Evocations


You had 7 spell levels left.
You knew the following spells:

 Your Spells              Type           Power        Failure   Level
a - Freeze                Ice            ####         1%          1
b - Frozen Ramparts       Ice            #####.       1%          3
c - Ozocubu's Armour      Ice            #####...     1%          3
d - Hailstorm             Conj/Ice       #####...     5%          4
e - Summon Ice Beast      Ice/Summ       #####...     5%          4
f - Summon Lightning Spi  Summ/Air       ####....     11%         4

Your spell library contained the following spells:

 Spells                   Type           Power        Failure   Level
 Summon Small Mammal      Summ           ####         1%          1
 Call Imp                 Summ           ####....     1%          2
 Call Canine Familiar     Summ           ####....     3%          3
 Summon Guardian Golem    Hex/Summ       ####....     3%          3


Dungeon Overview and Level Annotations

Branches:
Dungeon (11/15)            Temple (1/1) D:7            Lair (0/6) D:9
Gauntlet (1/1)
    Orc: D:9-12

Altars:
Ashenzari
Dithmenos
Elyvilon
Fedhas
Gozag
Kikubaaqudgha
Makhleb
Okawaru
Qazlal
Ru
Sif Muna
Trog
Uskayaw
Vehumet
Wu Jian
Xom
Yredelemnul
Zin
The Shining One

Shops:
D:4 !

Annotations:
D:4 potionn shop Gauntlet 15 transporters, exclusion: soul eater


Innate Abilities, Weirdness & Mutations

Your experience applies equally to all skills.
You have very sharp teeth.
Your uncanny sense of smell can sniff out nearby items.


Message History

You barely miss the soul eater.
The soul eater is moderately wounded.
The soul eater resists.
The wall freezes the soul eater.
The soul eater hits you but does no damage.
Your lightning spire shoots out a bolt of lightning at the soul eater!
The bolt of electricity hits the soul eater!
You barely miss the soul eater.
You bite the soul eater, but do no damage.
The soul eater is heavily wounded.
The soul eater resists.
The wall freezes the soul eater.
The soul eater hits you!
* * * LOW HITPOINT WARNING * * *
You feel drained.
* * * LOW HITPOINT WARNING * * *
You hit the soul eater.
The soul eater is severely wounded.
The frozen ramparts melt away.
Your lightning spire disappears in a puff of smoke!
The soul eater draws from the surrounding life force!
You die...

#####....≈8≈....#######.#######..
..........≈...........#.#........
#########...###########.#........
........#...#........5#.#..######
######..#...#..##.##.5#.#..#8#
#....##.#...#.#..#..#5#.#..###
.####.#5#...#.#..#5.#!#.#..#
##.©.##5#©.©#..#####.©#©#..###
#.####.##...#.#3@#..#$###..#8#
##....###...#.#..#..#5#....###
.######3#.∩.#..##§##5.#....#
......?[#...#......555#..###
#########...###########..#8#
.........................###
.........≈∩≈............§#
########################## #8#
#8# #8# #8# #8# #8#


You could see a soul eater.

Vanquished Creatures
  Harold (D:8)
  An ogre mage (D:10)
  3 two-headed ogres (D:10)
  An unseen horror (D:10)
  A slime creature (D:9)
  Eustachio (D:5)
  5 yaks (D:5)
  Menkaure (D:5)
  Edmund (D:5)
  3 orc warriors
  2 ice beasts
  A phantom (D:7)
  A necrophage (D:8)
  9 ogres
  A centaur (D:9)
  2 big kobolds
  4 bullfrogs
  A gnoll sergeant (D:10)
  2 scorpions
  6 wights
  2 howler monkeys
  A bullfrog zombie (D:8)
  3 jellies
  11 orc priests
  2 hounds
  7 orc wizards
  6 worker ants
  A mummy (D:8)
  Robin (D:4)
  6 gnolls
  11 adders
  4 shadow imps
  A white imp (D:4)
  2 ufetubi
  2 oozes
  An adder zombie (D:5)
  2 adder skeletons
  3 worms (D:2)
  4 dart slugs
  2 leopard geckos
  36 orcs
  3 giant cockroaches
  16 goblins
  8 hobgoblins
  11 jackals
  2 quokkas
  2 ball pythons
  3 bats
  3 frilled lizards
  17 kobolds
  A quokka skeleton (D:8)
  6 rats
227 creatures vanquished.

Vanquished Creatures (collateral kills)
  A two-headed ogre (D:10)
  Grinder (D:5)
  Prince Ribbit (D:9)
  2 slime creatures (D:9)
  A wraith (D:9)
  2 ice beasts
  2 phantoms (D:7)
  A necrophage (D:7)
  A bullfrog (D:9)
  2 wights (D:9)
  A bullfrog zombie (D:9)
  A worker ant zombie (D:9)
  A shadow imp (Gauntlet)
  An orc (D:9)
  2 jackals (D:10)
  A quokka skeleton (D:6)
21 creatures vanquished.

Vanquished Creatures (others)
  A wizard (D:10)
  25 demonic plants (Gauntlet)
  A withered plant (D:8)
27 creatures vanquished.

Grand Total: 275 creatures vanquished

Notes
Turn   | Place    | Note
-------+----------+-------------------------------------------
     0 | D:1      | robertstho the Gnoll Ice Elementalist began the quest for
                  | the Orb.
     0 | D:1      | Reached XP level 1. HP: 13/13 MP: 6/6
    21 | D:1      | Reached XP level 2. HP: 8/19 MP: 1/7
   511 | D:1      | Reached XP level 3. HP: 23/25 MP: 5/9
   516 | D:1      | Reached skill level 5 in Spellcasting
  1039 | D:2      | Learned a level 3 spell: Frozen Ramparts
  1043 | D:2      | Learned a level 3 spell: Ozocubu's Armour
  1080 | D:2      | Reached skill level 1 in Invocations
  1250 | D:2      | Reached skill level 1 in Fighting
  1250 | D:2      | Reached skill level 1 in Short Blades
  1250 | D:2      | Reached skill level 1 in Long Blades
  1250 | D:2      | Reached skill level 1 in Axes
  1250 | D:2      | Reached skill level 1 in Maces & Flails
  1250 | D:2      | Reached skill level 1 in Polearms
  1250 | D:2      | Reached skill level 1 in Staves
  1250 | D:2      | Reached skill level 1 in Slings
  1250 | D:2      | Reached skill level 1 in Bows
  1250 | D:2      | Reached skill level 1 in Crossbows
  1250 | D:2      | Reached skill level 1 in Throwing
  1250 | D:2      | Reached skill level 1 in Armour
  1250 | D:2      | Reached skill level 1 in Shields
  1250 | D:2      | Reached skill level 1 in Unarmed Combat
  1250 | D:2      | Reached skill level 1 in Evocations
  1416 | D:2      | Reached XP level 4. HP: 32/32 MP: 7/11
  1890 | D:2      | Reached skill level 1 in Conjurations
  1890 | D:2      | Reached skill level 1 in Hexes
  1890 | D:2      | Reached skill level 1 in Summonings
  1890 | D:2      | Reached skill level 1 in Necromancy
  1890 | D:2      | Reached skill level 1 in Translocations
  1890 | D:2      | Reached skill level 1 in Transmutations
  1890 | D:2      | Reached skill level 1 in Fire Magic
  1890 | D:2      | Reached skill level 1 in Air Magic
  1890 | D:2      | Reached skill level 1 in Earth Magic
  1890 | D:2      | Reached skill level 1 in Poison Magic
  1934 | D:2      | Learned a level 4 spell: Hailstorm
  2555 | D:3      | Reached XP level 5. HP: 37/37 MP: 12/12
  3020 | D:3      | Found a white marble altar of Elyvilon.
  3324 | D:4      | Reached XP level 6. HP: 32/44 MP: 8/13
  3436 | D:4      | Noticed Robin
  3443 | D:4      | Killed Robin
  3517 | D:4      | Learned a level 4 spell: Summon Ice Beast
  3654 | D:4      | Reached skill level 5 in Dodging
  3872 | D:4      | Found Ciugrirph's Distillery.
  3877 | D:4      | Bought a potion of curing for 36 gold pieces
  3877 | D:4      | Bought a potion of might for 48 gold pieces
  3877 | D:4      | Bought a potion of heal wounds for 60 gold pieces
  4390 | D:5      | Entered Level 5 of the Dungeon
  4409 | D:5      | Noticed Grinder
  4413 | D:5      | Paralysed by Grinder for 6 turns
  4436 | D:5      | Killed Grinder
  4437 | D:5      | Reached XP level 7. HP: 31/50 MP: 1/15
  4568 | D:5      | Noticed Edmund
  4581 | D:5      | Noticed Eustachio
  4583 | D:5      | Noticed Menkaure
  4594 | D:5      | Killed Edmund
  4898 | D:6      | Reached skill level 5 in Stealth
  5257 | D:6      | Reached XP level 8. HP: 57/57 MP: 12/16
  5986 | D:5      | Got a wizard robe
  5996 | D:5      | Identified the cursed +1 robe "Derame" {*Slow MR+++ Dex+4}
                  | (You found it on level 5 of the Dungeon)
  6037 | D:5      | Killed Menkaure
  6086 | D:5      | Killed Eustachio
  6256 | D:5      | Noticed a yak
  6256 | D:5      | Noticed a yak
  6258 | D:5      | Noticed a yak
  6258 | D:5      | Noticed a yak
  6259 | D:5      | Noticed a yak
  6268 | D:5      | Killed a yak
  6273 | D:5      | Killed a yak
  6274 | D:5      | Killed a yak
  6274 | D:5      | Killed a yak
  6275 | D:5      | Reached XP level 9. HP: 60/65 MP: 15/18
  7177 | D:7      | Reached skill level 8 in Ice Magic
  7278 | D:7      | Found a staircase to the Ecumenical Temple.
  7358 | Temple   | Entered the Ecumenical Temple
  7431 | Temple   | Became a worshipper of Sif Muna the Loreminder
  8228 | D:7      | Reached skill level 5 in Invocations
  8897 | D:8      | Noticed Harold
  8924 | D:8      | Killed Harold
  8925 | D:8      | Reached XP level 10. HP: 35/73 MP: 4/20
  9138 | D:8      | Reached * piety under Sif Muna
  9203 | D:8      | Reached skill level 5 in Fighting
  9203 | D:8      | Reached skill level 5 in Short Blades
  9203 | D:8      | Reached skill level 5 in Long Blades
  9203 | D:8      | Reached skill level 5 in Axes
  9203 | D:8      | Reached skill level 5 in Maces & Flails
  9203 | D:8      | Reached skill level 5 in Polearms
  9203 | D:8      | Reached skill level 5 in Staves
  9203 | D:8      | Reached skill level 5 in Slings
  9203 | D:8      | Reached skill level 5 in Bows
  9203 | D:8      | Reached skill level 5 in Crossbows
  9203 | D:8      | Reached skill level 5 in Throwing
  9203 | D:8      | Reached skill level 5 in Armour
  9203 | D:8      | Reached skill level 5 in Shields
  9203 | D:8      | Reached skill level 5 in Unarmed Combat
  9203 | D:8      | Reached skill level 5 in Evocations
  9582 | D:9      | Noticed Prince Ribbit
 10030 | D:8      | Learned a level 4 spell: Summon Lightning Spire
 10145 | D:9      | Reached ** piety under Sif Muna
 10819 | D:9      | Killed Prince Ribbit
 11007 | D:9      | Found a staircase to the Lair.
 11080 | D:10     | Entered Level 10 of the Dungeon
 11190 | D:10     | Noticed an unseen horror
 11205 | D:10     | Killed an unseen horror
 11364 | D:10     | Noticed an ogre mage
 11364 | D:10     | Noticed a two-headed ogre
 11365 | D:10     | Noticed a two-headed ogre
 11366 | D:10     | Noticed a two-headed ogre
 11367 | D:10     | Noticed a two-headed ogre
 11377 | D:10     | Killed a two-headed ogre
 11378 | D:10     | Reached XP level 11. HP: 31/80 MP: 15/22
 11378 | D:10     | Killed a two-headed ogre
 11379 | D:10     | Reached skill level 5 in Conjurations
 11379 | D:10     | Reached skill level 5 in Hexes
 11379 | D:10     | Reached skill level 5 in Summonings
 11379 | D:10     | Reached skill level 5 in Necromancy
 11379 | D:10     | Reached skill level 5 in Translocations
 11379 | D:10     | Reached skill level 5 in Transmutations
 11379 | D:10     | Reached skill level 5 in Fire Magic
 11379 | D:10     | Reached skill level 5 in Air Magic
 11379 | D:10     | Reached skill level 5 in Earth Magic
 11379 | D:10     | Reached skill level 5 in Poison Magic
 11382 | D:10     | Killed an ogre mage
 11388 | D:10     | Killed a two-headed ogre
 11394 | D:10     | Killed a two-headed ogre
 11423 | D:10     | Reached skill level 9 in Ice Magic
 11859 | D:10     | Reached *** piety under Sif Muna
 11945 | D:10     | Found a bloodstained altar of Trog.
 11946 | D:10     | Noticed a wizard
 11951 | D:10     | Killed a wizard
 12151 | D:11     | Found a gate leading to a gauntlet.
 12165 | Gauntlet | Entered a Gauntlet
 12165 | Gauntlet | Found a transporter.
 12165 | Gauntlet | Found a transporter.
 12169 | Gauntlet | Found a transporter.
 12169 | Gauntlet | Found a transporter.
 12169 | Gauntlet | Noticed a soul eater
 12178 | Gauntlet | Found a transporter.
 12192 | Gauntlet | Noticed a large abomination
 12197 | Gauntlet | Found a transporter.
 12198 | Gauntlet | Found the +7 lajatang of Order {silver, rMut}
 12204 | Gauntlet | Noticed a glowing orange brain
 12204 | Gauntlet | Noticed a green ugly thing
 12207 | Gauntlet | Found a transporter.
 12207 | Gauntlet | Found a transporter.
 12208 | Gauntlet | Noticed a hell hog
 12208 | Gauntlet | Noticed a glowing orange brain
 12225 | Gauntlet | Noticed a red ugly thing
 12231 | Gauntlet | Found a transporter.
 12238 | Gauntlet | Found a transporter.
 12250 | Gauntlet | Found a transporter.
 12268 | Gauntlet | Found a transporter.
 12314 | Gauntlet | Found a transporter.
 12329 | Gauntlet | Found a transporter.
 12339 | Gauntlet | Found the +3 pair of gauntlets of War {Slay+5}
 12429 | Gauntlet | Found a transporter.
 12443 | Gauntlet | Found a transporter.
 12610 | Gauntlet | Killed from afar by a soul eater

Illustrated notes

Levels and vault maps discovered:
D:1:      lightli_iron_boxes, layout_basic, hex_tiny
D:2:      layout_loops_ring, chequers_hall_statues_y, moated_statue
D:3:      layout_loops_ring, elyvilon_altar_1, minmay_strange_pillars
D:4:      layout_gridville, serial_shops, kennysheep_little_box, uniq_robin
D:5:      layout_cave_pods, corexii_leaking_fountain, minmay_fountain_box,
          uniq_menkaure, uniq_grinder, uniq_eustachio, uniq_edmund
D:6:      layout_loops_corners
D:7:      layout_loops_ring, minmay_temple_entry_butterflies,
          minmay_misc_feat_tower, kennysheep_small_spiral, kb_rosetta
D:8:      layout_basic, serial_undead, serial_undead_a, serial_undead_e,
          serial_undead_c, serial_undead_f, uniq_harold
D:9:      layout_roguey, lair_entry_dummy, uniq_prince_ribbit1
D:10:     layout_rooms, trog_wizard
D:11:     layout_loops_corners, gauntlet_entry_generic, grunt_ministairs_6,
          minmay_fractal_squares_gapless_7
Temple:   regret_index_temple_sigil_plot
Gauntlet: gammafunk_gauntlet_branching [nicolae_gauntlet_arena_quarters,
          gammafunk_gauntlet_arena_spirals, nicolae_gauntlet_arena_x,
          nicolae_gauntlet_arena_t_cross,
          gammafunk_gauntlet_arena_split_diamond,
          nicolae_gauntlet_arena_flowing_pool, gammafunk_gauntlet_arena_hedges,
          nicolae_gauntlet_swirl, gauntlet_exit_watery]

Skill      XL: |  1  2  3  4  5  6  7  8  9 10 11 |
---------------+----------------------------------+-----
Spellcasting   | 5 6 7 8 |  8.2
Invocations    | 1 2 3 4 5 6 7 |  7.0
Fighting       | 1 2 3 4 5 6 |  6.4
Short Blades   | 1 2 3 4 5 6 |  6.4
Long Blades    | 1 2 3 4 5 6 |  6.4
Axes           | 1 2 3 4 5 6 |  6.4
Maces & Flails | 1 2 3 4 5 6 |  6.4
Polearms       | 1 2 3 4 5 6 |  6.4
Staves         | 1 2 3 4 5 6 |  6.4
Slings         | 1 2 3 4 5 6 |  6.4
Bows           | 1 2 3 4 5 6 |  6.4
Crossbows      | 1 2 3 4 5 6 |  6.4
Throwing       | 1 2 3 4 5 6 |  6.4
Armour         | 1 2 3 4 5 6 |  6.4
Shields        | 1 2 3 4 5 6 |  6.4
Unarmed Combat | 1 2 3 4 5 6 |  6.4
Evocations     | 1 2 3 4 5 6 |  6.4
Conjurations   | 1 2 3 4 5 |  5.3
Hexes          | 1 2 3 4 5 |  5.3
Summonings     | 1 2 3 4 5 |  5.3
Necromancy     | 1 2 3 4 5 |  5.3
Translocations | 1 2 3 4 5 |  5.3
Transmutations | 1 2 3 4 5 |  5.3
Fire Magic     | 1 2 3 4 5 |  5.3
Air Magic      | 1 2 3 4 5 |  5.3
Earth Magic    | 1 2 3 4 5 |  5.3
Poison Magic   | 1 2 3 4 5 |  5.3
Dodging        | 5 6 7 8 |  8.0
Stealth        | 5 6 7 |  7.7
Ice Magic      | 8 9 |  9.0

Action                   |  1- 3 |  4- 6 |  7- 9 | 10-12 || total
-------------------------+-------+-------+-------+-------++-------
Melee: Unarmed           |     8 |       |       |       ||     8
       Dagger            |    14 |    60 |   111 |       ||   185
       Glaive            |       |    12 |    40 |   148 ||   200
       Bite              |       |     4 |    19 |    15 ||    38
       Punch             |       |       |     4 |       ||     4
 Cast: Freeze            |    29 |       |     3 |       ||    32
       Frozen Ramparts   |     7 |    24 |    23 |    22 ||    76
       Summon Ice Beast  |       |     3 |    18 |    27 ||    48
       Hailstorm         |       |       |     7 |     7 ||    14
       Summon Lightning  |       |       |       |     1 ||     1
  Use: Scroll            |     5 |     7 |     2 |     6 ||    20
       Potion            |       |       |     1 |     5 ||     6
 Stab: Sleeping          |     2 |     5 |     2 |     5 ||    14
       Distracted        |       |       |       |     2 ||     2
Armor: Robe              |     7 |    14 |    25 |    27 ||    73
Dodge: Dodged            |    28 |    67 |   149 |   144 ||   388

Table legend: (Time is in decaauts)
 A = Elapsed time spent in this place.
 B = Non-inter-level travel time spent in this place.
 C = Inter-level travel time spent in this place.
 D = Time resting spent in this place.
 E = Time spent auto-exploring this place.
 F = Levels seen in this place.
 G = Mean time per level.
                   A        B        C        D        E       F      G
               +--------+--------+--------+--------+--------+-----+--------+
         Total |  12680 |  12278 |    402 |    771 |   9256 |  13 |  975.4 |
       Dungeon |  12134 |  11768 |    366 |    771 |   8895 |  11 | 1103.1 |
        Temple |     97 |     61 |     36 |      0 |     60 |   1 |   97.0 |
      Gauntlet |    448 |    448 |      0 |      0 |    301 |   1 |  448.0 |
               +--------+--------+--------+--------+--------+-----+--------+

Top non-repeatable levels by time:
     D:8: 1416 daAuts
     D:9: 1389 daAuts
     D:5: 1364 daAuts
     D:2: 1328 daAuts
     D:6: 1303 daAuts
     D:4: 1184 daAuts
     D:7: 1164 daAuts
     D:1: 1028 daAuts
    D:10: 980 daAuts
     D:3: 847 daAuts
Gauntlet: 448 daAuts
    D:11: 127 daAuts
  Temple: 97 daAuts
